 Dungeon Crawl Stone Soup version 0.17-a0-1262-gd250d98 (webtiles) character file.

881 wotan the Grappler (level 8, -3/63 HPs)
             Began as a Ghoul Monk on June 6, 2015.
             Killed by divine providence
             ... invoked by an orc priest
              (11 damage)
             ... on level 6 of the Dungeon.
             The game lasted 00:23:37 (5778 turns).

wotan the Grappler (Ghoul Monk)                     Turns: 5778, Time: 00:23:39

Health: -3/63      AC:  7    Str: 18    XL:     8   Next: 5%
Magic:  7/7        EV: 10    Int:  6    God:
Gold:   246        SH:  0    Dex: 12    Spells: 0 memorised, 7 levels left

rFire  . . .     SeeInvis .       - Unarmed
rCold  + . .     Clarity  .     d - +0 scale mail
rNeg   + + +     SustAt   .     (no shield)
rPois  ∞         Gourm    .     (no helmet)
rElec  +         Spirit   .     t - +0 cloak
rCorr  +         Warding  .     (no gloves)
rMut   .         Stasis   .     (no boots)
MR     .....                    j - amulet of resist corrosion
Stlth  ++........               s - ring of Fragile Peace {+Fly rElec Str+3}
                                r - ring of stealth

@: about to teleport, rotting, not resistant to hostile enchantments, unstealthy
A: rotting body, claws 1, carnivore 3, cold resistance 1, negative energy
resistance 3, slow healing 1, torment resistance, unbreathing
a: Evoke Flight


You were on level 6 of the Dungeon.
You were not hungry.

You visited 2 branches of the dungeon, and saw 7 of its levels.

You collected 246 gold pieces.

Inventory:

Missiles
 n - 167 stones (quivered)
Armour
 a - a +0 robe
 d - a +0 scale mail (worn)
 t - a +0 cloak (worn)
 v - a +4 chain mail
Jewellery
 j - an amulet of resist corrosion (around neck)
 r - a ring of stealth (left claw)
 s - the ring of Fragile Peace (right claw) {+Fly rElec Str+3}
   (You found it on level 4 of the Dungeon)

   [ring of flight]

   It affects your strength (+3).
   It insulates you from electricity.
   It lets you fly.
Magical devices
 p - a wand of slowing (20)
 q - a wand of random effects (28)
Scrolls
 l - a scroll of amnesia
 y - a scroll of recharging {unknown}
 A - a scroll of blinking {unknown}
Potions
 c - a potion of invisibility {unknown}
 e - 2 potions of agility
 f - a potion of resistance
 g - 2 potions of magic {unknown}
 h - a potion of curing {unknown}
 i - 2 potions of might {unknown}
 k - a potion of degeneration {unknown}
 m - 3 potions of ambrosia {unknown}
Comestibles
 b - 2 meat rations
 o - a slice of pizza
 u - a beef jerky
 w - a chunk of flesh


   Skills:
 - Level 3.2 Fighting
 + Level 2.7 Armour
 - Level 2.6 Dodging
 - Level 2.1 Stealth
 - Level 10.0 Unarmed Combat


You had 7 spell levels left.
You didn't know any spells.

Dungeon Overview and Level Annotations

Branches:
Dungeon (6/15)             Temple (1/1) D:4

Altars:
Ashenzari
Cheibriados
Dithmenos
Elyvilon
Fedhas
Gozag
Kikubaaqudgha
Nemelex Xobeh
Okawaru
Ru
Sif Muna
Trog
Xom
Yredelemnul
Zin
The Shining One

Annotations:
D:3 Sigmund; Yermak's ghost, average FoNe
D:4 Fluffy's ghost, average OpVM


Innate Abilities, Weirdness & Mutations

Your body is rotting away.
You thrive on raw meat.
You are immune to poison.
You have sharp fingernails.
You are carnivorous and can eat meat at any time.
Your flesh is cold resistant.
You are immune to negative energy.
You heal slowly when monsters are visible.
You are immune to unholy pain and torment.
You can survive without breathing.


Message History

The jackal bites you but does no damage.
You claw the jackal!
You kill the jackal!
You closely miss the jackal. You claw the jackal.
The jackal is almost dead.
The jackal bites you but does no damage. x2
The orc wizard gestures at you while chanting.
You resist with some effort.
You claw the jackal!
You kill the jackal!
The orc wizard points at you and mumbles some strange words.
You resist with some effort. The adder closely misses you.
You miss the orc wizard.
The orc wizard gestures at you while chanting.
The magic dart hits you!
* * * LOW HITPOINT WARNING * * *
The adder bites you but does no damage.
The orc priest calls down the wrath of Beogh upon you.
Something smites you!
You die...

#.# #....# .
####.#######...## .
..........###.... ..
...........##.#### ...
..............######....
................#.......
......................#
................o#
................@#
........(...#..$#SY.....
....#.......#.###oo.....
########..#...# .......
#.....### .......
#.#...# ....)..
###.#...## .......
##.#......# .......
#...÷.....####


You could see a yak, an orc priest, an orc wizard, an adder and an orc.

Vanquished Creatures
  2 ogres
  A giant frog (D:5)
  A scorpion (D:4)
  A crimson imp (D:5)
  Ijyb (D:3)
  A centaur zombie (D:6)
  2 hounds
  5 orc wizards
  A giant frog skeleton (D:6)
  2 worker ants
  9 adders
  3 gnolls (D:5)
  An adder skeleton (D:4)
  6 worms
  4 giant geckos
  4 orcs (D:4)
  10 bats
  2 bat skeletons
  2 bat zombies (D:5)
  8 giant cockroaches
  2 gnoll zombies (D:5)
  14 goblins
  12 hobgoblins
  7 jackals
  14 kobolds
  3 quokkas
  2 ball pythons
  4 giant newts
  12 rats
136 creatures vanquished.

Notes
Turn   | Place    | Note
--------------------------------------------------------------
     0 | D:1      | wotan the Ghoul Monk began the quest for the Orb.
     0 | D:1      | Reached XP level 1. HP: 19/19 MP: 0/0
   130 | D:1      | Reached XP level 2. HP: 24/24 MP: 1/1
   337 | D:1      | Reached skill level 5 in Unarmed Combat
   977 | D:2      | Reached XP level 3. HP: 29/31 MP: 2/2
  1724 | D:2      | Found a sparkling altar of Nemelex Xobeh.
  1870 | D:2      | Found a bloodstained altar of Trog.
  1949 | D:3      | Reached skill level 6 in Unarmed Combat
  1949 | D:3      | Reached XP level 4. HP: 35/38 MP: 3/3
  1983 | D:3      | Found a sparkling altar of Nemelex Xobeh.
  2019 | D:3      | Noticed Sigmund
  2393 | D:3      | Noticed Ijyb
  2442 | D:3      | Killed Ijyb
  2992 | D:4      | Got a heavily runed tin ring
  2997 | D:4      | Identified the ring of Fragile Peace {+Fly rElec Str+3} (You found it on level 4 of the Dungeon)
  3013 | D:4      | Noticed Fluffy's ghost (average OpVM)
  3025 | D:3      | Reached skill level 7 in Unarmed Combat
  3025 | D:3      | Reached XP level 5. HP: 38/44 MP: 4/4
  3055 | D:3      | Noticed Yermak's ghost (average FoNe)
  3338 | D:4      | Reached XP level 6. HP: 42/50 MP: 5/5
  3363 | D:4      | Found a staircase to the Ecumenical Temple.
  3387 | Temple   | Entered the Ecumenical Temple
  3591 | D:4      | Reached skill level 8 in Unarmed Combat
  4044 | D:5      | Entered Level 5 of the Dungeon
  4086 | D:5      | Reached XP level 7. HP: 57/57 MP: 6/6
  4104 | D:5      | Reached skill level 9 in Unarmed Combat
  4247 | D:5      | Found a basalt altar of Yredelemnul.
  4562 | D:5      | Found a white marble altar of Elyvilon.
  4563 | D:5      | Found a glowing golden altar of the Shining One.
  4564 | D:5      | Found a glowing silver altar of Zin.
  4577 | D:5      | Found an ancient bone altar of Kikubaaqudgha.
  4579 | D:5      | Found a blossoming altar of Fedhas.
  5130 | D:3      | Reached skill level 10 in Unarmed Combat
  5580 | D:6      | Reached skill level 1 in Armour
  5761 | D:6      | Noticed a yak
  5773 | D:6      | Noticed a yak
  5773 | D:6      | Reached XP level 8. HP: 22/63 MP: 7/7
  5778 | D:6      | Killed from afar by an orc priest

Vault maps used:
D:1:      dpeg_arrival_short_road
D:2:      minmay_door_path, nemelex_xobeh_ov_fountains_minmay,
          lightli_temple_of_fire, amethyst_killhole
D:3:      kennysheep_goblin_castle, first_bread, nemelex_diamond_rough_becter,
          uniq_iyjb, uniq_sigmund
D:4:      minmay_temple_entry_mist, gup_sewer_entry_spiral,
          hangedman_minor_gate_pass
D:5:      grunt_temple_overflow_growth_and_decay, good_gods_temple_1,
          lemuel_zombie_altar_yredelemnul, kennysheep_boxes
D:6:      makhleb_blood_cavern_becter
Temple:   jpeg_temple_alley_garden_8

Action                   |  1- 3 |  4- 6 |  7- 9 || total
-------------------------+-------+-------+-------++-------
Melee: Unarmed           |   164 |   186 |   133 ||   483
  Use: Scroll            |       |     5 |     4 ||     9
 Stab: Sleeping          |       |     2 |     2 ||     4
  Eat: Chunk             |    13 |    13 |     7 ||    33
